 Dungeon Crawl Stone Soup version 0.27.1-3-gb3d3a73c9e (webtiles) character file.

Game seed: 14328209902224333433

79 CuBeRJAN3 the Skirmisher (level 4, -3/29 HPs)
             Began as a Gargoyle Fighter on Oct 29, 2021.
             Slain by a goblin (4 damage)
             ... led by Robin
             ... on level 2 of the Dungeon.
             The game lasted 00:03:09 (1487 turns).

CuBeRJAN3 the Skirmisher (Gargoyle Fighter)         Turns: 1487, Time: 00:03:09

Health: -3/29      AC: 10    Str: 21    XL:     4   Next: 37%
Magic:  4/4        EV:  7    Int:  8    God:
Gold:   55         SH:  9    Dex:  9    Spells: 3/3 levels left

rFire    . . .     SeeInvis .   a - +0 flail
rCold    . . .     Faith    .   c - +0 kite shield
rNeg     + . .     Spirit   .   b - +0 scale mail
rPois    ∞         Reflect  .   (no helmet)
rElec    +         Harm     .   (no cloak)
rCorr    +         Rampage  .   (no gloves)
Will     .....                  (no boots)
Stlth    ..........             (no amulet)
HPRegen  0.09/turn              e - ring of resist corrosion
MPRegen  0.09/turn              (no ring)

@: no status effects
A: sickness immunity, AC +3, negative energy resistance 1, electricity
resistance, torment resistance 1, petrification resistance
a: no special abilities


You were on level 2 of the Dungeon.
You visited 1 branch of the dungeon, and saw 2 of its levels.

You collected 55 gold pieces.

Inventory:

Hand Weapons
 a - a +0 flail (weapon)
Armour
 b - a +0 scale mail (worn)
 c - a +0 kite shield (worn)
Jewellery
 e - a ring of resist corrosion (left hand)
Scrolls
 f - a scroll of teleportation {unknown}
 h - a scroll of noise {unknown}
 i - a scroll of identify {unknown}
 k - a scroll of summoning {unknown}
Potions
 d - a potion of might
 g - a potion of curing {unknown}
 j - a potion of heal wounds {unknown}


   Skills:
 * Level 4.1 Fighting
 * Level 3.1 Maces & Flails
 + Level 3.7 Armour
 + Level 3.6 Shields


You had 3 spell levels left.
You didn't know any spells.
Your spell library was empty.

Dungeon Overview and Level Annotations

Branches:
Dungeon (2/15)

Altars:

Annotations:
D:2 Robin


Innate Abilities, Weirdness & Mutations

You are immune to sickness and miasma.
Your stone body is resilient. (AC +3)
You are immune to poison.
You resist negative energy. (rN+)
You are resistant to electric shocks. (rElec)
You are resistant to unholy torment.
You are immune to petrification.


Message History

You block the goblin's attack.
Items here: $ ))) †.
The hobgoblin no longer looks unusually strong.
Robin throws the goblin at you!
You barely miss the goblin.
The hobgoblin no longer looks unusually strong.
You block the goblin's attack.
Robin roars a battlecry!
The goblins go into a battle-frenzy!
The goblin hits you with a +0 club. The goblin hits you with a +0 dagger.
* * * LOW HITPOINT WARNING * * *
You closely miss the goblin.
The goblin hits you but does no damage. x2
Your shield prevents you from hitting the goblin.
The goblin hits you but does no damage. The goblin hits you with a +0 dagger.
* * * LOW HITPOINT WARNING * * *
Robin says, "Duck!"
You block the goblin's attack. The goblin hits you but does no damage.
You closely miss the goblin. You block the goblin's attack.
The goblin hits you but does no damage.
You barely miss the goblin. The goblin barely misses you.
The goblin hits you with a +0 dagger.
* * * LOW HITPOINT WARNING * * *
The goblin hits you but does no damage. You block the goblin's attack.
You miss the goblin. The goblin hits you but does no damage.
The goblin hits you with a +0 dagger.
* * * LOW HITPOINT WARNING * * *
Robin says, "A pitiful Gargoyle like you will never find the ORB!"
The goblin barely misses you.
You barely miss the goblin. The goblin hits you but does no damage.
You block the goblin's attack. The goblin hits you but does no damage.
You hit the goblin.
The goblin is moderately wounded.
The goblin hits you but does no damage. The goblin barely misses you.
You hit the goblin.
The goblin is heavily wounded.
You block the goblin's attack. x2; The goblin hits you but does no damage. x2
You hit the goblin.
You kill the goblin!
The goblin hits you with a +0 club.
You die...

#####..........)..#..#
..................#..#
..................#
..................#
.........##########
.........# .........#
.........###############
###
.g......)†.†gggg@).....#
#<#
.........#############.#
#.### .........# #.#
#...# ......g..#
#.###.#.# .........#
#.#...#.# .........#
#.......# .........#
###...#.# #####...##
#...#.# ##### #.....#


You could see Robin, 2 hobgoblins and a goblin (strong).

Vanquished Creatures
  Jessica (D:2)
  An adder (D:2)
  A worm (D:1)
  A dart slug (D:1)
  4 bats
  An endoplasm (D:1)
  A giant cockroach (D:1)
  5 hobgoblins
  2 jackals (D:1)
  5 kobolds
  A quokka (D:2)
  A frilled lizard (D:1)
  10 goblins
  3 rats (D:1)
37 creatures vanquished.

Notes
Turn   | Place    | Note
-------+----------+-------------------------------------------
     0 | D:1      | CuBeRJAN3 the Gargoyle Fighter began the quest for the Orb.
     0 | D:1      | Reached XP level 1. HP: 14/14 MP: 1/1
     2 | D:1      | Noticed a ghoul
     2 | D:1      | Noticed an octopode
     4 | D:1      | Noticed a merfolk
     6 | D:1      | Noticed a dwarf
     6 | D:1      | Noticed a gargoyle
     8 | D:1      | Noticed a draconian
     8 | D:1      | Noticed an elf
    10 | D:1      | Noticed a demigod
    10 | D:1      | Noticed a palentonga
    12 | D:1      | Noticed a troll
    12 | D:1      | Noticed a barachi
    14 | D:1      | Noticed a spriggan
    14 | D:1      | Noticed a felid
    16 | D:1      | Noticed a formicid
    16 | D:1      | Noticed a minotaur
    18 | D:1      | Noticed a vampire
    18 | D:1      | Noticed an ogre
    20 | D:1      | Noticed a vine stalker
    22 | D:1      | Noticed a djinni
    22 | D:1      | Noticed a human
    24 | D:1      | Noticed a tengu
    26 | D:1      | Noticed a demonspawn
    26 | D:1      | Noticed a naga
   398 | D:1      | Found a faded altar of an unknown god.
   440 | D:1      | Reached XP level 2. HP: 13/19 MP: 2/2
   933 | D:1      | Reached XP level 3. HP: 23/24 MP: 3/3
  1317 | D:2      | Noticed Jessica
  1333 | D:2      | Killed Jessica
  1334 | D:2      | Reached skill level 4 in Fighting
  1334 | D:2      | Reached XP level 4. HP: 19/29 MP: 4/4
  1458 | D:2      | Noticed Robin
  1483 | D:2      | HP: 1/29 [goblin[Robin] (2)]
  1487 | D:2      | Slain by a goblin

Illustrated notes

Levels and vault maps discovered:
D:1:      kb_arrival_jail, layout_rooms, hellmonk_ecumenical_altar_run_dry
D:2:      layout_basic, kennysheep_boxes, uniq_robin, uniq_jessica

Skill      XL: |  1  2  3 |
---------------+----------+-----
Fighting       | 4 |  4.1
Maces & Flails | 3 |  3.1
Armour         | |  3.7
Shields        | |  3.6

Action                   |  1- 3 |  4- 6 || total
-------------------------+-------+-------++-------
Melee: Flail             |   117 |    49 ||   166
Armor: Scale mail        |    68 |    42 ||   110
Dodge: Dodged            |    44 |    19 ||    63
Block: Kite shield       |    68 |    34 ||   102
